 Dungeon Crawl Stone Soup version 0.26-a0-651-gb41185065b (webtiles) character file.

Game seed: 18223624199728944810

27 Irenicus the Digger (level 2, -2/22 HPs)
             Began as a Deep Dwarf Earth Elementalist on Oct 4, 2020.
             Slain by Crazy Yiuf
             ... wielding a +4 quarterstaff of chaos
              (4 damage)
             ... on level 2 of the Dungeon.
             The game lasted 00:05:32 (781 turns).

Irenicus the Digger (Deep Dwarf Earth Elementalist)  Turns: 781, Time: 00:05:32

Health: -2/22      AC:  5    Str: 11    XL:     2   Next: 93%
Magic:  2/5        EV: 10    Int: 15    God:
Gold:   34         SH:  0    Dex: 13    Spells: 2/5 levels left

rFire    . . .     SeeInvis .   i - +0 dagger
rCold    . . .     Faith    .   (no shield)
rNeg     . . .     Spirit   .   f - +0 ring mail
rPois    .         Reflect  .   (no helmet)
rElec    .         Harm     .   (no cloak)
rCorr    .         Rampage  .   (no gloves)
MR       .....                  (no boots)
Stlth    +.........             (no amulet)
HPRegen  0.00/turn              (no ring)
MPRegen  0.09/turn              (no ring)

@: non-regenerating, drained
A: damage resistance, heal wounds, sense surroundings 1, no regeneration
a: Heal Wounds


You were on level 2 of the Dungeon.
You visited 1 branch of the dungeon, and saw 2 of its levels.

You collected 34 gold pieces.

Inventory:

Hand Weapons
 i - a +0 dagger (weapon)
   (You found it on level 1 of the Dungeon)
Missiles
 b - 90 stones (quivered)
Armour
 f - a +0 ring mail (worn)
   (You found it on level 1 of the Dungeon)
Potions
 d - a potion of invisibility
 e - a potion of curing {unknown}
 g - a potion of heal wounds {unknown}
 h - a potion of might {unknown}
 k - a potion of magic {unknown}
 l - a potion of ambrosia {unknown}


   Skills:
 - Level 2.5(1.9) Dodging
 - Level 2.9(2.2) Stealth
 - Level 2.2(1.5) Spellcasting
 - Level 0.8(0.2) Transmutations
 + Level 4.5(3.9) Earth Magic


You had 2 spell levels left.
You knew the following spells:

 Your Spells              Type           Power        Failure   Level
a - Sandblast             Erth           ##....       12%         1
w - Passwall              Tmut/Erth      #.......     36%         2

Your spell library contained the following spells:

 Spells                   Type           Power        Failure   Level
 Stone Arrow              Conj/Erth      #.....       58%         3
 Petrify                  Tmut/Erth      #.......     94%         4
 Lee's Rapid Deconstruct  Erth           ##........   97%         5


Dungeon Overview and Level Annotations

Branches:
Dungeon (2/15)

Altars:

Annotations:
D:1 damn
D:2 Crazy Yiuf


Innate Abilities, Weirdness & Mutations

You are resistant to damage.
You can heal yourself by infusing magical energy.
You passively map a small area around you.
You do not regenerate.


Message History

Aim: a bat The blast of sand misses the bat.
b - 95 stones The bat hits you but does no damage.
You now have 3/5 mp.
Casting: Sandblast (safe; 22% risk of failure)
Confirm with . or Enter, or press ? or * to list all spells.
Aiming: Sandblast (safe; 22% risk of failure)
Press: ? - help, Shift-Dir - straight line, f/p - bat
Aim: a bat The blast of sand hits the bat!
You kill the bat!
b - 94 stones You now have 2/5 mp.
A frilled lizard comes into view.
The frilled lizard hisses angrily.
Casting: Sandblast (safe; 22% risk of failure)
Confirm with . or Enter, or press ? or * to list all spells.
Aiming: Sandblast (safe; 22% risk of failure)
Press: ? - help, Shift-Dir - straight line, f - frilled lizard
Aim: a frilled lizard You miscast Sandblast.
You are very lightly contaminated with residual magic.
Nothing appears to happen.
You now have 1/5 mp.
Casting: Sandblast (safe; 22% risk of failure)
Confirm with . or Enter, or press ? or * to list all spells.
Aiming: Sandblast (safe; 22% risk of failure)
Press: ? - help, Shift-Dir - straight line, f/p - frilled lizard
Aim: a frilled lizard The blast of sand hits the frilled lizard!
You kill the frilled lizard!
b - 93 stones You now have 0/5 mp.
Your magical contamination has completely faded away.
You open the door.
There is an open door here.
There is an open door here.
Casting: Sandblast (safe; 22% risk of failure)
Confirm with . or Enter, or press ? or * to list all spells.
Okay, then.
This spell is extremely dangerous to cast!
Memorise Passwall, consuming 2 spell levels and leaving 2?
You start memorising the spell.
You continue memorising. x2
You finish memorising.
Spell assigned to 'w'.
As you read the scroll labeled LUOGUM LEICICKUA, it crumbles to dust.
You feel as if something is helping you.
It was a scroll of remove curse.
You start removing your armour.
You continue taking off your +0 scale mail. x4
You finish taking off your +0 scale mail.
You start putting on your armour.
You continue putting on your +0 ring mail. x5
Magic restored.
You finish putting on your +0 ring mail.
MP restored: 5 Drop what? 11/52 slots (_ for help) (? for menu, Esc to quit)
You drop a +0 robe.
You drop a +0 scale mail.
Marking area around Crazy Yiuf as unsafe for travelling.
You aren't carrying any items that you can evoke.
Unknown command.
You aren't carrying any scrolls.
Unknown command.
Okay, then.
You open the door.
Crazy Yiuf says, "Crazy?
Crazy!?
PORCUPINE!"
Crazy Yiuf drinks a potion.
Crazy Yiuf flickers and vanishes!
Deactivating autopickup; reactivate with Ctrl-A.
Casting: Sandblast (safe; 9% risk of failure)
Confirm with . or Enter, or press ? or * to list all spells.
You can't see any susceptible monsters within range! (Use Z to cast anyway.) Unknown command.
Casting: Sandblast (safe; 9% risk of failure)
Confirm with . or Enter, or press ? or * to list all spells.
Okay, then.
Unknown command.
Casting: Sandblast (safe; 9% risk of failure)
Confirm with . or Enter, or press ? or * to list all spells.
Press: ? - help, Shift-Dir - straight line The blast of sand hits something.
b - 92 stones You now have 4/5 mp.
Casting: Sandblast (safe; 9% risk of failure)
Confirm with . or Enter, or press ? or * to list all spells.
Press: ? - help, Shift-Dir - straight line The blast of sand hits something.
b - 91 stones Something hits you.
You feel drained.
You take 4 damage, and have 13/22 hp.
You now have 3/5 mp.
Casting: Sandblast (safe; 10% risk of failure)
Confirm with . or Enter, or press ? or * to list all spells.
Press: ? - help, Shift-Dir - straight line The blast of sand hits something but does no damage.
b - 90 stones Something hits you!
Ouch! That really hurt!
* * * LOW HITPOINT WARNING * * *
You feel drained.
You die...

#..........##.#
#.#
###.###########
#<# #..# #.# ,
#.## ##### #.#
#.## #..)#
####w# *
#..#######
#...# #....#
##......#.#
...*
##...#######
#.......'.# #'#
#........w.†
##...##.#.#
♣♣@♣
#.........##
#...##.### ♣.♣♣
#...#####†#
#......# ♣♣.♣
#..#### #.#
###.#### ♣.♣♣
#.. ..# #.#*
#.# ♣♣.♣♣ #.#
#.# #.# #.#
♣...♣♣ #. #.#
#.# #.######
♣....♣
#.###.###.#
#.##...# #....#
#..>......#
#.[....####..##
#####.#####


There were no monsters in sight!

Vanquished Creatures
  An adder (D:2)
  2 bats
  A giant cockroach (D:1)
  3 goblins (D:1)
  5 hobgoblins (D:1)
  A kobold (D:2)
  A frilled lizard (D:2)
  A rat (D:1)
15 creatures vanquished.

Notes
Turn   | Place    | Note
-------+----------+-------------------------------------------
     0 | D:1      | Irenicus the Deep Dwarf Earth Elementalist began the quest
                  | for the Orb.
     0 | D:1      | Reached XP level 1. HP: 15/15 MP: 3/3
   408 | D:2      | Reached XP level 2. HP: 19/22 MP: 0/4
   423 | D:2      | Reached skill level 2 in Spellcasting
   741 | D:2      | Learned a level 2 spell: Passwall
   774 | D:2      | Found a runed translucent door.
   775 | D:2      | Noticed Crazy Yiuf
   781 | D:2      | HP: 2/22 [something (11)]
   781 | D:2      | Slain by Crazy Yiuf

Illustrated notes

Levels and vault maps discovered:
D:1:      sevenhm_arrival_forest_fort_small_5, layout_basic,
          hangedman_abyss_or_decor_lesser_grid, bh_walls_and_bars
D:2:      layout_loops_corners, uniq_crazy_yiuf_cottage, uniq_robin

Skill      XL: |  1  2 |
---------------+-------+-----
Spellcasting   | 2 |  2.2
Dodging        | |  2.5
Stealth        | |  2.9
Transmutations | |  0.8
Earth Magic    | |  4.5

Action                   || total
-------------------------++-------
Melee: Dagger            ||    18
       Unarmed           ||     2
       Club              ||     1
 Cast: Sandblast         ||    29
  Use: Scroll            ||     3
Armor: Ring mail         ||    14
       Robe              ||     1
       Scale mail        ||     3
Dodge: Dodged            ||    32

Table legend: (Time is in decaauts)
 A = Elapsed time spent in this place.
 B = Non-inter-level travel time spent in this place.
 C = Inter-level travel time spent in this place.
 D = Time resting spent in this place.
 E = Time spent auto-exploring this place.
 F = Levels seen in this place.
 G = Mean time per level.
                   A        B        C        D        E       F      G
               +--------+--------+--------+--------+--------+-----+--------+
         Total |    786 |    786 |      0 |      0 |      0 |   2 |  393.0 |
       Dungeon |    786 |    786 |      0 |      0 |      0 |   2 |  393.0 |
               +--------+--------+--------+--------+--------+-----+--------+

Top non-repeatable levels by time:
     D:1: 583 daAuts
     D:2: 203 daAuts

Table legend:
 A = Kills in this place as a percentage of kills in entire the game.
 B = Kills by you in this place as a percentage of kills by you in the entire game.
 C = Kills by friends in this place as a percentage of kills by friends in the entire game.
 D = Other kills in this place as a percentage of other kills in the entire game.
 E = Experience gained in this place as a percentage of experience gained in the entire game.
 F = Experience gained in this place divided by the number of levels of this place that you have seen.
                   A       B       C       D       E      F
               +-------+-------+-------+-------+-------+----------------------
         Total | 100.0 | 100.0 |   N/A |   N/A | 100.0 |  19.5
       Dungeon | 100.0 | 100.0 |   N/A |   N/A | 100.0 |  19.5
               +-------+-------+-------+-------+-------+----------------------
